[ AOE2 MATCH · #469712186 ]
UnrankedFranks vs Franks
[ REPLAY ANALYSIS · EXTRACTED FROM THE RECORDED GAME ]
Feudal
—
Castle
—
Imperial
—
| APM avg | 21.8 |
| APM peak | 56 |
| eAPM avg | 11.7 |
| Villagers / military | 95 / 216 |
Focus
⚔️ 19.6% · 🌾 80.4%
Knight ×167 · Trade Cart ×41 · Spearman ×40 · Bombard Cannon ×9
Feudal
—
Castle
—
Imperial
—
| APM avg | 23.6 |
| APM peak | 91 |
| eAPM avg | 11.0 |
| Villagers / military | 131 / 180 |
Focus
⚔️ 32.4% · 🌾 67.6%
Spearman ×95 · Scout Cavalry ×38 · Mangonel ×21 · Knight ×12 · Petard ×8 · Battering Ram ×5
Feudal
—
Castle
—
Imperial
—
| APM avg | 16.9 |
| APM peak | 42 |
| eAPM avg | 12.3 |
| Villagers / military | 130 / 242 |
Focus
⚔️ 32.9% · 🌾 67.1%
Scout Cavalry ×192 · Mangonel ×21 · Spearman ×14 · Trebuchet (Packed) ×8 · Fishing Ship ×7 · Camel Scout ×5
Feudal
—
Castle
—
Imperial
—
| APM avg | 8.9 |
| APM peak | 35 |
| eAPM avg | 6.3 |
| Villagers / military | 76 / 41 |
Focus
⚔️ 30.5% · 🌾 69.5%
Scorpion ×13 · Scout Cavalry ×7 · Ballista Elephant ×7 · Mangonel ×5 · Spearman ×4 · Trebuchet (Packed) ×3
Feudal
—
Castle
—
Imperial
—
| APM avg | 21.0 |
| APM peak | 66 |
| eAPM avg | 13.0 |
| Villagers / military | 142 / 179 |
Focus
⚔️ 38.3% · 🌾 61.7%
Janissary ×93 · Camel Scout ×33 · Scout Cavalry ×33 · Bombard Cannon ×19 · Fishing Ship ×11 · Trade Cart ×8
Feudal
—
Castle
—
Imperial
—
| APM avg | 41.3 |
| APM peak | 131 |
| eAPM avg | 22.9 |
| Villagers / military | 165 / 232 |
Focus
⚔️ 42.3% · 🌾 57.7%
Woad Raider ×157 · Mangonel ×34 · Spearman ×24 · Monk ×8 · Militia ×4 · Trebuchet (Packed) ×3
Feudal
—
Castle
—
Imperial
—
| APM avg | 10.9 |
| APM peak | 34 |
| eAPM avg | 7.2 |
| Villagers / military | 48 / 36 |
Focus
⚔️ 36.2% · 🌾 63.8%
Cavalry Archer ×9 · Fishing Ship ×7 · Battering Ram ×7 · Spearman ×6 · Archer ×5 · Trebuchet (Packed) ×3
Feudal
—
Castle
—
Imperial
—
| APM avg | 16.9 |
| APM peak | 64 |
| eAPM avg | 10.9 |
| Villagers / military | 124 / 84 |
Focus
⚔️ 19.7% · 🌾 80.3%
Scout Cavalry ×38 · Ballista Elephant ×32 · Trebuchet (Packed) ×6 · Battle Elephant ×5 · Monk ×2 · Mangonel ×1
Match map
Initial resources + every placement click. Lines = walls · curves = elevation contours. ◆ gold · ⬟ stone · ● berries · ✦ relic · ◌ wall gap
Your base· ✓ Map-separated
oO0Melow0Oo's base· ✓ Map-separated
HoundDog914030's base· ✓ Map-separated
07jriley's base· ✓ Map-separated
ali3soot's base· ✓ Map-separated
BattingBaton14's base· ✓ Map-separated
clementhebeste's base· ✓ Map-separated
Kung Fu Caleb's base· ✓ Map-separated
Smoothed initial terrain · ◌ = detected wall gap · hover for details
Inputs per minute
— TakedownFunk - - oO0Melow0Oo
Build order — TakedownFunk
First 150 of 304 actions detected
| 0:05 | Create | Villager (Male) ×4 |
| 0:10 | Build | House |
| 0:10 | Build | House |
| 1:39 | Create | Villager (Male) |
| 1:52 | Research | Loom |
| 2:07 | Build | Lumber Camp |
| 2:12 | Create | Villager (Male) |
| 2:28 | Build | House |
| 2:33 | Create | Villager (Male) |
| 3:05 | Create | Villager (Male) |
| 3:41 | Create | Villager (Male) |
| 4:08 | Create | Villager (Male) ×2 |
| 4:45 | Create | Villager (Male) |
| 5:38 | Build | Mill |
| 5:52 | Create | Villager (Male) |
| 5:52 | Create | Villager (Male) |
| 6:37 | Build | House |
| 6:40 | Build | House |
| 6:52 | Create | Villager (Male) |
| 7:22 | Create | Villager (Male) |
| 8:39 | Research | Feudal Age |
| 8:47 | Build | Mill |
| 9:33 | Create | Villager (Male) ×2 |
| 9:53 | Create | Villager (Male) ×3 |
| 11:07 | Build | Stone Wall |
| 11:11 | Build | Stone Wall |
| 11:16 | Build | Stone Wall |
| 11:40 | Create | Villager (Male) ×5 |
| 11:52 | Build | Mining Camp |
| 12:19 | Build | Stone Wall |
| 12:25 | Build | Stone Wall |
| 13:49 | Build | Market |
| 14:16 | Build | Blacksmith |
| 14:27 | Build | House |
| 14:28 | Build | House |
| 14:55 | Build | Mining Camp |
| 15:25 | Research | Castle Age |
| 15:41 | Research | Double-Bit Axe |
| 16:17 | Build | Farm |
| 16:18 | Build | Farm |
| 16:18 | Build | Farm |
| 16:18 | Build | Farm |
| 16:19 | Build | Farm |
| 16:19 | Build | Farm |
| 16:20 | Build | Farm |
| 16:20 | Build | Farm |
| 17:06 | Build | Farm |
| 17:12 | Build | Farm |
| 17:33 | Build | Farm |
| 17:59 | Build | Farm |
| 18:38 | Create | Villager (Male) |
| 18:38 | Create | Villager (Male) |
| 18:39 | Create | Villager (Male) |
| 18:39 | Create | Villager (Male) |
| 18:39 | Create | Villager (Male) |
| 18:40 | Create | Villager (Male) |
| 19:11 | Build | Stone Wall |
| 19:29 | Build | Town Center |
| 19:42 | Create | Villager (Male) |
| 19:42 | Create | Villager (Male) |
| 20:55 | Build | Town Center |
| 21:19 | Build | Barracks |
| 21:25 | Create | Villager (Male) |
| 21:25 | Create | Villager (Male) |
| 21:25 | Create | Villager (Male) |
| 21:29 | Create | Villager (Male) |
| 21:29 | Create | Villager (Male) |
| 21:30 | Create | Villager (Male) |
| 21:30 | Create | Villager (Male) |
| 22:13 | Create | Villager (Male) |
| 22:13 | Create | Villager (Male) |
| 22:13 | Create | Villager (Male) |
| 22:44 | Build | House |
| 22:45 | Build | House |
| 22:46 | Build | House |
| 22:47 | Build | House |
| 22:47 | Build | House |
| 22:48 | Build | House |
| 22:48 | Build | House |
| 22:50 | Build | House |
| 22:50 | Build | House |
| 22:50 | Build | House |
| 22:50 | Build | House |
| 23:22 | Build | Castle |
| 23:33 | Build | Farm |
| 23:33 | Build | Farm |
| 23:33 | Build | Farm |
| 23:34 | Build | Farm |
| 23:34 | Build | Farm |
| 23:46 | Create | Villager (Male) ×5 |
| 23:56 | Build | Farm |
| 23:56 | Build | Farm |
| 23:56 | Build | Farm |
| 24:28 | Create | Villager (Male) ×5 |
| 24:36 | Build | Stable |
| 24:41 | Create | Villager (Male) ×2 |
| 24:48 | Build | Farm |
| 24:48 | Build | Farm |
| 24:48 | Build | Farm |
| 24:49 | Build | Farm |
| 25:15 | Build | Stable |
| 25:45 | Build | Farm |
| 25:46 | Build | Farm |
| 25:46 | Build | Farm |
| 25:46 | Build | Farm |
| 25:50 | Create | Villager (Male) ×5 |
| 26:38 | Create | Villager (Male) |
| 26:38 | Create | Villager (Male) |
| 26:40 | Create | Villager (Male) ×5 |
| 26:47 | Build | Farm |
| 26:47 | Build | Farm |
| 26:48 | Build | Farm |
| 26:48 | Build | Farm |
| 26:49 | Build | Farm |
| 27:01 | Research | Husbandry |
| 27:09 | Build | House |
| 27:10 | Build | House |
| 27:11 | Build | House |
| 27:12 | Build | House |
| 27:12 | Build | House |
| 27:12 | Build | House |
| 27:13 | Build | House |
| 27:13 | Build | House |
| 27:13 | Build | House |
| 27:19 | Research | Gold Mining |
| 27:44 | Build | Stable |
| 27:45 | Build | Stable |
| 27:55 | Create | Villager (Male) |
| 27:56 | Create | Villager (Male) |
| 27:56 | Create | Villager (Male) |
| 27:56 | Create | Villager (Male) |
| 27:56 | Create | Villager (Male) |
| 27:57 | Create | Villager (Male) |
| 28:06 | Build | Farm |
| 28:06 | Build | Farm |
| 28:07 | Build | Farm |
| 28:24 | Build | House |
| 28:24 | Build | House |
| 28:25 | Build | House |
| 28:25 | Build | House |
| 28:25 | Build | House |
| 28:25 | Build | House |
| 28:26 | Build | House |
| 29:07 | Create | Villager (Male) |
| 29:08 | Create | Villager (Male) |
| 29:10 | Create | Villager (Male) |
| 29:10 | Create | Villager (Male) |
| 29:23 | Build | Stable |
| 29:53 | Research | Imperial Age |
| 29:58 | Build | Farm |
Build order — oO0Melow0Oo
First 150 of 333 actions detected
| 0:03 | Create | Villager (Male) |
| 0:03 | Create | Villager (Male) |
| 0:03 | Create | Villager (Male) |
| 0:04 | Create | Villager (Male) |
| 0:06 | Build | House |
| 0:45 | Build | House |
| 1:38 | Build | Palisade Gate |
| 2:02 | Create | Villager (Male) |
| 2:03 | Create | Villager (Male) |
| 2:16 | Build | House |
| 2:17 | Create | Villager (Male) |
| 2:18 | Create | Villager (Male) |
| 2:23 | Create | Villager (Male) |
| 2:23 | Create | Villager (Male) |
| 3:10 | Build | House |
| 3:23 | Create | Villager (Male) |
| 3:23 | Create | Villager (Male) |
| 3:50 | Create | Villager (Male) |
| 3:50 | Create | Villager (Male) |
| 4:09 | Create | Villager (Male) |
| 4:09 | Create | Villager (Male) |
| 4:14 | Create | Villager (Male) |
| 4:14 | Create | Villager (Male) |
| 4:48 | Create | Villager (Male) |
| 4:48 | Create | Villager (Male) |
| 4:58 | Create | Villager (Male) |
| 4:59 | Create | Villager (Male) |
| 6:25 | Create | Villager (Male) |
| 6:26 | Create | Villager (Male) |
| 6:26 | Create | Villager (Male) |
| 6:26 | Create | Villager (Male) |
| 6:33 | Build | Mill |
| 7:07 | Build | Lumber Camp |
| 7:55 | Create | Villager (Male) |
| 7:55 | Create | Villager (Male) |
| 7:56 | Create | Villager (Male) |
| 7:56 | Create | Villager (Male) |
| 7:58 | Create | Villager (Male) |
| 7:58 | Create | Villager (Male) |
| 7:59 | Create | Villager (Male) |
| 8:00 | Create | Villager (Male) |
| 8:02 | Create | Villager (Male) |
| 8:27 | Create | Villager (Male) |
| 8:28 | Create | Villager (Male) |
| 8:47 | Create | Villager (Male) |
| 9:25 | Create | Villager (Male) |
| 9:26 | Create | Villager (Male) |
| 9:47 | Build | House |
| 9:54 | Create | Villager (Male) |
| 9:54 | Create | Villager (Male) |
| 9:54 | Create | Villager (Male) |
| 9:54 | Create | Villager (Male) |
| 9:55 | Create | Villager (Male) |
| 10:25 | Research | Feudal Age |
| 10:36 | Build | Mining Camp |
| 11:02 | Build | Farm |
| 11:03 | Build | Farm |
| 11:13 | Build | Farm |
| 11:14 | Build | Farm |
| 11:15 | Build | Farm |
| 11:18 | Build | Farm |
| 11:22 | Build | Farm |
| 12:40 | Create | Villager (Male) |
| 12:40 | Create | Villager (Male) |
| 12:41 | Create | Villager (Male) |
| 12:41 | Create | Villager (Male) |
| 12:42 | Create | Villager (Male) |
| 13:01 | Build | House |
| 13:04 | Build | House |
| 13:31 | Research | Loom |
| 13:34 | Create | Villager (Male) |
| 13:35 | Create | Villager (Male) |
| 14:38 | Build | Gate |
| 14:41 | Build | Stone Wall |
| 14:44 | Build | Stone Wall |
| 15:22 | Build | Market |
| 15:29 | Build | Blacksmith |
| 16:03 | Build | Farm |
| 16:04 | Build | Farm |
| 16:06 | Build | Farm |
| 16:09 | Build | Farm |
| 16:11 | Build | Farm |
| 16:18 | Create | Villager (Male) |
| 16:19 | Create | Villager (Male) |
| 16:33 | Research | Castle Age |
| 17:11 | Build | Farm |
| 17:20 | Research | Double-Bit Axe |
| 17:23 | Research | Gold Mining |
| 18:44 | Build | Barracks |
| 19:43 | Create | Villager (Male) |
| 19:44 | Create | Villager (Male) |
| 19:45 | Create | Villager (Male) |
| 19:48 | Research | Bow Saw |
| 19:51 | Research | Stone Mining |
| 19:53 | Create | Villager (Male) |
| 19:53 | Create | Villager (Male) |
| 19:58 | Build | Mining Camp |
| 20:45 | Create | Villager (Male) |
| 20:46 | Create | Villager (Male) |
| 20:46 | Create | Villager (Male) |
| 20:47 | Create | Villager (Male) |
| 20:47 | Create | Villager (Male) |
| 20:47 | Create | Villager (Male) |
| 20:48 | Create | Villager (Male) |
| 20:57 | Build | House |
| 20:59 | Build | House |
| 22:06 | Build | Barracks |
| 23:33 | Build | Castle |
| 23:45 | Research | Wheelbarrow |
| 23:50 | Research | Gold Shaft Mining |
| 24:41 | Build | Mining Camp |
| 24:56 | Create | Petard |
| 24:56 | Create | Petard |
| 24:56 | Create | Petard |
| 24:57 | Create | Petard |
| 25:09 | Build | House |
| 25:09 | Build | House |
| 25:10 | Build | House |
| 25:10 | Build | House |
| 25:11 | Build | House |
| 25:11 | Build | House |
| 25:11 | Build | House |
| 25:12 | Build | House |
| 25:12 | Build | House |
| 25:13 | Build | House |
| 25:13 | Build | House |
| 25:13 | Build | House |
| 25:14 | Build | House |
| 25:14 | Build | House |
| 25:26 | Build | Stable |
| 25:28 | Build | Stable |
| 25:36 | Create | Villager (Male) |
| 25:36 | Create | Villager (Male) |
| 25:36 | Create | Villager (Male) |
| 25:37 | Create | Villager (Male) |
| 25:37 | Create | Villager (Male) |
| 26:33 | Build | Castle |
| 27:01 | Build | Stable |
| 27:07 | Create | Villager (Male) |
| 27:47 | Build | Stable |
| 28:26 | Create | Petard |
| 28:27 | Create | Petard |
| 28:27 | Create | Petard |
| 28:27 | Create | Petard |
| 28:31 | Create | Knight ×5 |
| 28:32 | Create | Knight ×5 |
| 28:32 | Create | Knight ×2 |
| 28:37 | Research | Hand Cart |
| 29:49 | Build | Siege Workshop |
| 30:48 | Create | Mangonel |
Build order — HoundDog914030
First 150 of 357 actions detected
| 0:17 | Create | Villager (Male) |
| 0:18 | Create | Villager (Male) |
| 0:18 | Create | Villager (Male) |
| 0:18 | Create | Villager (Male) |
| 0:18 | Create | Villager (Male) |
| 0:26 | Build | House |
| 0:29 | Build | House |
| 2:00 | Create | Villager (Male) |
| 2:24 | Build | Lumber Camp |
| 2:45 | Create | Villager (Male) |
| 3:10 | Create | Villager (Male) |
| 3:47 | Create | Villager (Male) |
| 3:47 | Create | Villager (Male) |
| 3:59 | Build | House |
| 4:22 | Create | Villager (Male) |
| 4:22 | Create | Villager (Male) |
| 4:22 | Create | Villager (Male) |
| 4:40 | Create | Villager (Male) |
| 5:17 | Create | Villager (Male) |
| 6:30 | Create | Villager (Male) |
| 6:30 | Create | Villager (Male) |
| 6:30 | Create | Villager (Male) |
| 6:54 | Create | Villager (Male) |
| 6:55 | Create | Villager (Male) |
| 6:55 | Create | Villager (Male) |
| 6:55 | Create | Villager (Male) |
| 7:12 | Build | Palisade Wall |
| 7:27 | Build | Mill |
| 8:10 | Create | Villager (Male) |
| 8:10 | Create | Villager (Male) |
| 8:22 | Build | House |
| 8:32 | Research | Loom |
| 8:34 | Create | Villager (Male) ×5 |
| 9:01 | Build | House |
| 9:08 | Research | Feudal Age |
| 9:44 | Build | Mill |
| 10:37 | Create | Villager (Male) |
| 10:38 | Create | Villager (Male) |
| 10:38 | Create | Villager (Male) |
| 10:38 | Create | Villager (Male) |
| 12:23 | Research | Double-Bit Axe |
| 12:55 | Build | Mining Camp |
| 13:18 | Build | Market |
| 13:28 | Build | Blacksmith |
| 13:32 | Create | Villager (Male) |
| 14:09 | Build | Stone Wall |
| 14:20 | Build | Mining Camp |
| 14:37 | Build | Farm |
| 15:09 | Research | Castle Age |
| 15:14 | Research | Stone Mining |
| 15:38 | Build | Farm |
| 16:09 | Build | Farm |
| 16:13 | Build | Farm |
| 16:22 | Build | Lumber Camp |
| 16:32 | Create | Villager (Male) |
| 16:32 | Create | Villager (Male) |
| 17:19 | Build | Dock |
| 17:24 | Create | Villager (Male) |
| 17:52 | Build | Farm |
| 18:01 | Build | Lumber Camp |
| 18:24 | Build | Farm |
| 18:28 | Research | Gold Mining |
| 18:48 | Build | Town Center |
| 18:59 | Build | House |
| 19:00 | Build | House |
| 19:01 | Build | House |
| 19:22 | Build | Farm |
| 19:28 | Research | Bow Saw |
| 19:59 | Create | Villager (Male) |
| 20:04 | Build | Farm |
| 20:34 | Build | Farm |
| 20:45 | Create | Villager (Male) ×3 |
| 21:48 | Build | Siege Workshop |
| 21:57 | Build | Barracks |
| 22:14 | Build | Castle |
| 22:18 | Create | Fishing Ship ×4 |
| 22:36 | Create | Villager (Male) |
| 22:36 | Create | Villager (Male) |
| 22:36 | Create | Villager (Male) |
| 22:36 | Create | Villager (Male) |
| 22:37 | Create | Villager (Male) |
| 22:37 | Create | Villager (Male) |
| 22:45 | Build | Farm |
| 22:50 | Build | Farm |
| 22:55 | Build | Farm |
| 23:00 | Build | Farm |
| 23:08 | Create | Fishing Ship ×2 |
| 23:34 | Research | Horse Collar |
| 23:51 | Create | Mangonel |
| 23:58 | Build | House |
| 23:59 | Build | House |
| 24:00 | Build | House |
| 24:01 | Build | House |
| 24:36 | Build | Town Center |
| 24:48 | Create | Villager (Male) |
| 24:48 | Create | Villager (Male) |
| 24:48 | Create | Villager (Male) |
| 24:48 | Create | Villager (Male) |
| 24:48 | Create | Villager (Male) |
| 24:48 | Create | Villager (Male) |
| 24:55 | Build | Farm |
| 25:01 | Build | Farm |
| 25:03 | Create | Villager (Male) |
| 25:03 | Create | Villager (Male) |
| 25:04 | Create | Villager (Male) |
| 25:04 | Create | Villager (Male) |
| 25:25 | Create | Villager (Male) |
| 25:25 | Create | Villager (Male) |
| 25:26 | Create | Villager (Male) |
| 25:26 | Create | Villager (Male) |
| 25:42 | Build | House |
| 25:44 | Build | House |
| 25:44 | Build | House |
| 25:45 | Build | House |
| 25:45 | Build | House |
| 25:49 | Create | Villager (Male) |
| 25:49 | Create | Villager (Male) |
| 25:55 | Build | Lumber Camp |
| 26:12 | Create | Villager (Male) |
| 26:12 | Create | Villager (Male) |
| 26:13 | Create | Villager (Male) |
| 26:13 | Create | Villager (Male) |
| 26:19 | Build | Farm |
| 26:25 | Build | Farm |
| 26:34 | Build | Farm |
| 26:48 | Create | Villager (Male) |
| 26:48 | Create | Villager (Male) |
| 26:58 | Build | Stable |
| 27:08 | Research | Wheelbarrow |
| 27:09 | Create | Villager (Male) ×2 |
| 27:25 | Build | Gate |
| 27:33 | Build | Farm |
| 27:38 | Research | Heavy Plow |
| 27:45 | Create | Villager (Male) |
| 27:45 | Create | Villager (Male) |
| 27:45 | Create | Villager (Male) |
| 27:52 | Build | Farm |
| 27:54 | Create | Villager (Male) ×2 |
| 28:08 | Build | Mining Camp |
| 28:16 | Build | Mining Camp |
| 28:24 | Create | Villager (Male) |
| 28:24 | Create | Villager (Male) |
| 28:24 | Create | Villager (Male) |
| 28:24 | Create | Villager (Male) |
| 28:24 | Create | Villager (Male) |
| 28:24 | Create | Villager (Male) |
| 28:24 | Create | Villager (Male) |
| 28:24 | Create | Villager (Male) |
| 28:24 | Create | Villager (Male) |
| 28:30 | Build | Farm |
Build order — 07jriley
First 150 of 213 actions detected
| 0:05 | Build | House |
| 0:08 | Create | Villager (Male) |
| 0:09 | Create | Villager (Male) |
| 0:09 | Create | Villager (Male) |
| 0:09 | Create | Villager (Male) |
| 0:33 | Build | House |
| 1:09 | Build | House |
| 1:36 | Build | House |
| 1:38 | Create | Villager (Male) |
| 1:39 | Create | Villager (Male) |
| 2:48 | Create | Villager (Male) |
| 2:48 | Create | Villager (Male) |
| 3:16 | Build | Mill |
| 3:19 | Create | Villager (Male) |
| 3:19 | Create | Villager (Male) |
| 3:19 | Create | Villager (Male) |
| 4:40 | Create | Villager (Male) |
| 4:40 | Create | Villager (Male) |
| 5:00 | Create | Villager (Male) |
| 5:01 | Create | Villager (Male) |
| 5:35 | Create | Villager (Male) |
| 5:39 | Create | Villager (Male) |
| 5:39 | Create | Villager (Male) |
| 6:25 | Create | Villager (Male) |
| 7:44 | Create | Villager (Male) |
| 7:58 | Build | Lumber Camp |
| 8:36 | Research | Feudal Age |
| 9:23 | Build | Palisade Wall |
| 9:28 | Build | Palisade Gate |
| 9:42 | Build | Mining Camp |
| 10:14 | Build | Palisade Wall |
| 10:45 | Build | Farm |
| 11:21 | Build | Palisade Wall |
| 11:30 | Build | Palisade Gate |
| 11:39 | Build | Mill |
| 11:44 | Build | Farm |
| 12:00 | Create | Villager (Male) |
| 12:00 | Create | Villager (Male) |
| 12:00 | Create | Villager (Male) |
| 12:00 | Create | Villager (Male) |
| 12:01 | Create | Villager (Male) |
| 12:07 | Research | Double-Bit Axe |
| 12:15 | Build | House |
| 12:19 | Build | House |
| 13:38 | Build | Farm |
| 13:41 | Create | Villager (Male) |
| 13:41 | Create | Villager (Male) |
| 13:41 | Create | Villager (Male) |
| 13:47 | Build | Farm |
| 13:58 | Research | Gold Mining |
| 14:32 | Create | Villager (Male) |
| 14:32 | Create | Villager (Male) |
| 14:32 | Create | Villager (Male) |
| 14:38 | Build | Farm |
| 15:06 | Create | Villager (Male) |
| 15:06 | Create | Villager (Male) |
| 15:06 | Create | Villager (Male) |
| 15:27 | Build | Farm |
| 15:51 | Build | Farm |
| 16:06 | Create | Villager (Male) |
| 16:14 | Build | Farm |
| 16:23 | Build | Farm |
| 16:25 | Research | Horse Collar |
| 16:30 | Build | Farm |
| 16:40 | Build | Farm |
| 17:02 | Build | House |
| 17:05 | Build | House |
| 17:30 | Build | Farm |
| 18:01 | Build | Farm |
| 18:08 | Build | Stable |
| 18:33 | Research | Castle Age |
| 18:40 | Build | Mining Camp |
| 18:57 | Research | Stone Mining |
| 19:49 | Create | Scout Cavalry |
| 19:50 | Create | Scout Cavalry |
| 19:50 | Create | Scout Cavalry |
| 19:51 | Create | Scout Cavalry |
| 19:51 | Create | Scout Cavalry |
| 20:21 | Create | Villager (Male) |
| 20:22 | Create | Villager (Male) |
| 20:22 | Create | Villager (Male) |
| 21:07 | Build | House |
| 21:10 | Build | House |
| 21:19 | Research | Stone Shaft Mining |
| 21:28 | Build | Town Center |
| 21:34 | Research | Light Cavalry (upgrade) |
| 21:51 | Build | Farm |
| 22:07 | Create | Villager (Male) |
| 22:08 | Create | Villager (Male) |
| 22:21 | Build | House |
| 22:25 | Create | Scout Cavalry |
| 22:25 | Create | Scout Cavalry |
| 23:13 | Research | Wheelbarrow |
| 23:15 | Create | Villager (Male) |
| 23:16 | Create | Villager (Male) |
| 23:16 | Create | Villager (Male) |
| 23:16 | Create | Villager (Male) |
| 23:44 | Research | Husbandry |
| 24:12 | Create | Villager (Male) |
| 24:13 | Create | Villager (Male) |
| 24:13 | Create | Villager (Male) |
| 24:29 | Build | Castle |
| 24:40 | Create | Villager (Male) |
| 24:41 | Create | Villager (Male) |
| 24:47 | Create | Villager (Male) |
| 24:47 | Create | Villager (Male) |
| 25:16 | Build | Farm |
| 25:25 | Research | Heavy Plow |
| 25:30 | Create | Villager (Male) |
| 25:30 | Create | Villager (Male) |
| 25:36 | Build | Farm |
| 25:39 | Create | Villager (Male) |
| 25:39 | Create | Villager (Male) |
| 25:59 | Create | Villager (Male) |
| 25:59 | Create | Villager (Male) |
| 26:38 | Build | Farm |
| 26:44 | Build | Market |
| 26:49 | Create | Villager (Male) |
| 26:49 | Create | Villager (Male) |
| 26:50 | Create | Villager (Male) |
| 26:50 | Create | Villager (Male) |
| 27:18 | Create | Villager (Male) |
| 27:18 | Create | Villager (Male) |
| 27:18 | Create | Villager (Male) |
| 27:29 | Build | Lumber Camp |
| 27:54 | Create | Villager (Male) |
| 27:54 | Create | Villager (Male) |
| 28:00 | Research | Bow Saw |
| 28:01 | Create | Villager (Male) |
| 28:02 | Create | Villager (Male) |
| 28:24 | Build | Siege Workshop |
| 28:43 | Research | Hand Cart |
| 29:02 | Create | Scorpion |
| 29:03 | Create | Scorpion |
| 29:19 | Build | Watch Tower |
| 29:30 | Build | Blacksmith |
| 30:05 | Build | Farm |
| 30:07 | Research | Fletching |
| 30:29 | Build | Farm |
| 30:43 | Research | Bodkin Arrow |
| 31:00 | Build | University |
| 31:04 | Research | Loom |
| 31:09 | Build | Farm |
| 31:11 | Create | Villager (Male) |
| 31:11 | Create | Villager (Male) |
| 31:43 | Build | Siege Workshop |
| 31:57 | Build | Barracks |
| 32:05 | Research | Imperial Age |
| 32:10 | Build | Farm |
| 32:14 | Build | Farm |
Build order — ali3soot
First 150 of 510 actions detected
| 0:02 | Build | House |
| 0:03 | Create | Villager (Male) |
| 0:04 | Build | House |
| 0:19 | Create | Villager (Male) |
| 0:20 | Create | Villager (Male) |
| 0:20 | Create | Villager (Male) |
| 1:36 | Create | Villager (Male) |
| 2:06 | Build | House |
| 2:07 | Build | House |
| 2:10 | Create | Villager (Male) |
| 2:30 | Create | Villager (Male) |
| 2:51 | Research | Loom |
| 2:52 | Create | Villager (Male) |
| 3:03 | Create | Villager (Male) |
| 3:40 | Create | Villager (Male) |
| 4:24 | Create | Villager (Male) |
| 4:39 | Create | Villager (Male) |
| 4:57 | Create | Villager (Male) |
| 4:57 | Create | Villager (Male) |
| 5:15 | Create | Villager (Male) |
| 5:15 | Create | Villager (Male) |
| 5:28 | Create | Villager (Male) |
| 5:28 | Create | Villager (Male) |
| 5:38 | Build | House |
| 6:28 | Build | Mill |
| 6:35 | Create | Villager (Male) |
| 6:35 | Create | Villager (Male) |
| 6:36 | Create | Villager (Male) |
| 7:00 | Create | Villager (Male) |
| 7:29 | Create | Villager (Male) |
| 7:30 | Create | Villager (Male) |
| 7:30 | Create | Villager (Male) |
| 7:59 | Build | Dock |
| 8:03 | Create | Villager (Male) |
| 8:24 | Create | Villager (Male) |
| 8:39 | Build | Lumber Camp |
| 9:16 | Create | Villager (Male) |
| 9:21 | Create | Fishing Ship |
| 9:49 | Build | House |
| 9:55 | Create | Villager (Male) |
| 9:57 | Research | Feudal Age |
| 10:06 | Create | Fishing Ship |
| 10:29 | Build | Mining Camp |
| 11:09 | Create | Villager (Male) |
| 11:14 | Create | Fishing Ship |
| 11:15 | Create | Fishing Ship |
| 11:33 | Build | Lumber Camp |
| 11:55 | Create | Fishing Ship |
| 12:21 | Build | Farm |
| 13:00 | Build | Stone Wall |
| 13:05 | Build | Gate |
| 13:15 | Build | Stone Wall |
| 13:32 | Create | Villager (Male) |
| 13:38 | Create | Fishing Ship |
| 13:38 | Create | Fishing Ship |
| 13:42 | Build | House |
| 13:44 | Build | House |
| 14:00 | Build | Market |
| 14:03 | Create | Villager (Male) |
| 14:04 | Create | Villager (Male) |
| 14:04 | Create | Villager (Male) |
| 14:10 | Build | Farm |
| 14:14 | Build | Farm |
| 14:17 | Build | Farm |
| 14:19 | Build | Farm |
| 14:23 | Build | Farm |
| 14:29 | Build | Farm |
| 14:31 | Build | Farm |
| 14:38 | Build | Farm |
| 14:44 | Create | Fishing Ship |
| 14:50 | Research | Double-Bit Axe |
| 15:02 | Create | Villager (Male) |
| 15:24 | Build | Stone Wall |
| 15:29 | Build | Gate |
| 15:33 | Create | Villager (Male) |
| 15:37 | Build | Mining Camp |
| 15:39 | Create | Villager (Male) |
| 15:46 | Build | Farm |
| 15:53 | Build | Farm |
| 15:56 | Create | Fishing Ship |
| 16:13 | Build | Stone Wall |
| 16:17 | Build | Gate |
| 16:26 | Create | Villager (Male) |
| 16:32 | Build | House |
| 16:37 | Research | Wheelbarrow |
| 16:44 | Build | House |
| 16:46 | Build | House |
| 16:54 | Build | Stone Wall |
| 16:57 | Build | Gate |
| 17:19 | Build | Blacksmith |
| 17:59 | Research | Castle Age |
| 18:25 | Build | Stone Wall |
| 18:29 | Build | Gate |
| 18:47 | Create | Villager (Male) |
| 18:47 | Create | Villager (Male) |
| 18:54 | Build | Farm |
| 18:59 | Create | Fishing Ship |
| 19:05 | Create | Fishing Ship |
| 19:17 | Build | Farm |
| 19:27 | Build | House |
| 19:28 | Build | House |
| 19:29 | Build | House |
| 19:31 | Build | House |
| 19:33 | Build | House |
| 19:59 | Build | Mining Camp |
| 20:02 | Build | Mining Camp |
| 20:06 | Create | Villager (Male) |
| 20:46 | Build | Town Center |
| 20:55 | Build | Town Center |
| 21:01 | Create | Villager (Male) |
| 21:01 | Create | Villager (Male) |
| 21:01 | Create | Villager (Male) |
| 21:09 | Research | Horse Collar |
| 21:26 | Create | Villager (Male) |
| 21:56 | Create | Villager (Male) |
| 21:57 | Create | Villager (Male) |
| 21:57 | Create | Villager (Male) |
| 21:57 | Create | Villager (Male) |
| 22:07 | Build | Farm |
| 22:21 | Create | Villager (Male) |
| 22:25 | Research | Forging |
| 22:26 | Research | Fletching |
| 22:26 | Research | Padded Archer Armor |
| 22:27 | Research | Scale Barding Armor |
| 22:29 | Create | Villager (Male) |
| 22:30 | Create | Villager (Male) |
| 22:30 | Create | Villager (Male) |
| 22:30 | Create | Villager (Male) |
| 22:30 | Create | Villager (Male) |
| 22:32 | Create | Villager (Male) |
| 22:32 | Create | Villager (Male) |
| 22:32 | Create | Villager (Male) |
| 22:41 | Create | Villager (Male) |
| 22:42 | Create | Villager (Male) |
| 22:42 | Create | Villager (Male) |
| 22:42 | Create | Villager (Male) |
| 22:43 | Create | Villager (Male) |
| 22:43 | Create | Villager (Male) |
| 22:43 | Create | Villager (Male) |
| 22:43 | Create | Villager (Male) |
| 22:52 | Create | Villager (Male) |
| 22:52 | Create | Villager (Male) |
| 23:20 | Research | Bow Saw |
| 23:37 | Build | Castle |
| 23:50 | Create | Villager (Male) |
| 23:52 | Create | Villager (Male) |
| 24:02 | Build | Farm |
| 24:12 | Build | Barracks |
| 24:28 | Build | Farm |
| 24:34 | Build | Monastery |
Build order — BattingBaton14
First 150 of 398 actions detected
| 0:01 | Create | Villager (Male) |
| 0:01 | Create | Villager (Male) |
| 0:01 | Create | Villager (Male) |
| 0:03 | Build | House |
| 0:05 | Build | House |
| 0:06 | Create | Villager (Male) |
| 0:07 | Create | Villager (Male) |
| 1:26 | Create | Villager (Male) |
| 1:48 | Build | Lumber Camp |
| 2:09 | Create | Villager (Male) |
| 2:33 | Create | Villager (Male) |
| 3:00 | Create | Villager (Male) |
| 3:06 | Build | House |
| 3:25 | Create | Villager (Male) |
| 3:54 | Create | Villager (Male) |
| 4:26 | Create | Villager (Male) |
| 4:33 | Build | Mill |
| 4:48 | Create | Villager (Male) |
| 4:48 | Create | Villager (Male) |
| 5:21 | Create | Villager (Male) |
| 5:50 | Create | Villager (Male) |
| 5:50 | Create | Villager (Male) |
| 5:51 | Create | Villager (Male) |
| 5:51 | Create | Villager (Male) |
| 5:56 | Build | House |
| 6:30 | Create | Villager (Male) |
| 6:30 | Create | Villager (Male) |
| 6:36 | Build | Lumber Camp |
| 7:14 | Build | House |
| 7:17 | Create | Villager (Male) |
| 7:18 | Create | Villager (Male) |
| 7:44 | Create | Villager (Male) |
| 9:12 | Research | Feudal Age |
| 9:17 | Build | Barracks |
| 10:13 | Build | Mining Camp |
| 10:53 | Create | Militia |
| 10:53 | Create | Militia |
| 10:59 | Create | Militia |
| 11:00 | Create | Militia |
| 11:48 | Build | House |
| 11:51 | Build | House |
| 11:58 | Create | Villager (Male) |
| 11:58 | Create | Villager (Male) |
| 11:58 | Create | Villager (Male) |
| 11:58 | Create | Villager (Male) |
| 11:59 | Create | Villager (Male) |
| 12:07 | Build | Market |
| 12:13 | Build | Blacksmith |
| 14:06 | Create | Villager (Male) |
| 14:36 | Create | Villager (Male) |
| 14:37 | Create | Villager (Male) |
| 15:02 | Research | Castle Age |
| 16:10 | Build | Mining Camp |
| 16:21 | Build | Farm |
| 16:21 | Build | Farm |
| 17:46 | Build | Town Center |
| 17:51 | Build | Town Center |
| 18:01 | Build | Town Center |
| 18:08 | Create | Villager (Male) |
| 18:08 | Create | Villager (Male) |
| 18:16 | Build | House |
| 18:17 | Build | House |
| 18:52 | Research | Loom |
| 19:02 | Create | Villager (Male) |
| 19:30 | Create | Villager (Male) |
| 19:39 | Build | Farm |
| 19:40 | Build | Farm |
| 19:40 | Build | Farm |
| 19:50 | Build | Farm |
| 19:51 | Build | Farm |
| 19:51 | Build | Farm |
| 20:01 | Build | Farm |
| 20:02 | Build | Farm |
| 20:02 | Build | Farm |
| 20:02 | Build | Farm |
| 20:05 | Build | Farm |
| 20:11 | Create | Villager (Male) ×4 |
| 20:23 | Create | Villager (Male) |
| 20:28 | Build | Farm |
| 20:49 | Build | Farm |
| 20:52 | Create | Villager (Male) |
| 21:00 | Create | Villager (Male) |
| 21:00 | Create | Villager (Male) |
| 21:00 | Create | Villager (Male) |
| 21:19 | Create | Villager (Male) |
| 21:19 | Create | Villager (Male) |
| 21:20 | Create | Villager (Male) |
| 21:24 | Build | Farm |
| 21:27 | Create | Villager (Male) |
| 21:36 | Build | Farm |
| 21:36 | Build | Farm |
| 21:37 | Build | Farm |
| 21:45 | Create | Villager (Male) |
| 21:46 | Create | Villager (Male) |
| 21:46 | Create | Villager (Male) |
| 21:51 | Create | Villager (Male) |
| 21:51 | Create | Villager (Male) |
| 21:55 | Build | Farm |
| 22:13 | Create | Villager (Male) |
| 22:13 | Create | Villager (Male) |
| 22:13 | Create | Villager (Male) |
| 22:33 | Create | Villager (Male) |
| 22:33 | Create | Villager (Male) |
| 22:33 | Create | Villager (Male) |
| 22:42 | Build | Archery Range |
| 22:44 | Build | Siege Workshop |
| 22:46 | Build | Siege Workshop |
| 22:48 | Create | Villager (Male) |
| 22:49 | Create | Villager (Male) |
| 22:49 | Create | Villager (Male) |
| 22:57 | Create | Villager (Male) |
| 22:57 | Create | Villager (Male) |
| 23:03 | Build | Farm |
| 23:03 | Build | Farm |
| 23:03 | Build | Farm |
| 23:16 | Research | Horse Collar |
| 23:21 | Research | Double-Bit Axe |
| 23:26 | Create | Villager (Male) |
| 23:26 | Create | Villager (Male) |
| 23:27 | Create | Villager (Male) |
| 23:27 | Create | Villager (Male) |
| 23:45 | Build | House |
| 23:47 | Build | House |
| 23:49 | Build | House |
| 23:51 | Create | Villager (Male) |
| 23:58 | Build | House |
| 23:59 | Build | House |
| 24:03 | Create | Archer |
| 24:03 | Create | Archer |
| 24:27 | Build | Archery Range |
| 24:29 | Build | Barracks |
| 24:30 | Build | Barracks |
| 24:31 | Create | Villager (Male) ×5 |
| 24:44 | Create | Mangonel |
| 24:48 | Create | Villager (Male) |
| 24:49 | Create | Villager (Male) |
| 24:52 | Build | House |
| 24:53 | Build | House |
| 24:57 | Research | Gold Mining |
| 24:57 | Research | Stone Mining |
| 25:06 | Research | Heavy Plow |
| 25:18 | Research | Wheelbarrow |
| 25:22 | Create | Villager (Male) |
| 25:33 | Build | Siege Workshop |
| 25:36 | Create | Villager (Male) |
| 25:50 | Build | Farm |
| 25:50 | Build | Farm |
| 25:50 | Build | Farm |
| 25:51 | Build | Farm |
| 25:51 | Build | Farm |
Build order — clementhebeste
First 150 of 177 actions detected
| 0:08 | Build | House |
| 0:09 | Build | House |
| 0:10 | Create | Villager (Male) |
| 0:10 | Create | Villager (Male) |
| 0:10 | Create | Villager (Male) |
| 0:13 | Create | Villager (Male) |
| 2:08 | Create | Villager (Male) |
| 2:33 | Create | Villager (Male) |
| 2:34 | Create | Villager (Male) |
| 3:02 | Create | Villager (Male) |
| 3:23 | Build | House |
| 3:25 | Build | House |
| 3:28 | Build | House |
| 3:30 | Build | House |
| 3:49 | Create | Villager (Male) |
| 3:49 | Create | Villager (Male) |
| 4:13 | Create | Villager (Male) |
| 4:51 | Create | Villager (Male) |
| 5:57 | Create | Villager (Male) |
| 5:57 | Create | Villager (Male) |
| 6:17 | Build | Dock |
| 6:21 | Create | Villager (Male) |
| 6:36 | Build | Lumber Camp |
| 6:51 | Create | Villager (Male) |
| 7:11 | Build | Palisade Wall |
| 7:12 | Build | Palisade Wall |
| 7:13 | Build | Palisade Wall |
| 7:15 | Build | Palisade Wall |
| 7:26 | Create | Villager (Male) |
| 7:28 | Research | Loom |
| 7:43 | Create | Fishing Ship |
| 8:14 | Create | Villager (Male) |
| 8:37 | Create | Fishing Ship |
| 9:05 | Create | Villager (Male) |
| 9:05 | Create | Villager (Male) |
| 9:06 | Create | Villager (Male) |
| 9:46 | Build | Mill |
| 10:02 | Create | Villager (Male) |
| 10:12 | Build | Mill |
| 10:22 | Create | Villager (Male) |
| 10:34 | Create | Fishing Ship |
| 10:35 | Create | Fishing Ship |
| 10:36 | Create | Fishing Ship |
| 10:56 | Create | Villager (Male) |
| 11:23 | Create | Fishing Ship |
| 11:25 | Create | Villager (Male) |
| 11:46 | Build | Palisade Gate |
| 11:48 | Build | Palisade Wall |
| 11:55 | Build | House |
| 11:58 | Build | House |
| 12:01 | Build | House |
| 12:02 | Create | Villager (Male) |
| 12:17 | Create | Fishing Ship |
| 12:35 | Research | Feudal Age |
| 12:59 | Build | Barracks |
| 14:39 | Create | Villager (Male) |
| 14:39 | Create | Villager (Male) |
| 14:39 | Create | Villager (Male) |
| 14:54 | Build | Watch Tower |
| 14:56 | Create | Villager (Male) |
| 14:56 | Create | Villager (Male) |
| 14:57 | Create | Villager (Male) |
| 14:57 | Create | Villager (Male) |
| 15:01 | Create | Villager (Male) |
| 15:01 | Create | Villager (Male) |
| 15:02 | Create | Villager (Male) |
| 15:12 | Build | Gate |
| 15:16 | Create | Militia |
| 15:16 | Create | Militia |
| 15:35 | Build | Stone Wall |
| 15:37 | Build | Stone Wall |
| 17:13 | Build | Mining Camp |
| 17:57 | Create | Spearman |
| 17:57 | Create | Spearman |
| 17:58 | Create | Spearman |
| 17:58 | Create | Spearman |
| 17:58 | Create | Spearman |
| 17:58 | Create | Spearman |
| 18:32 | Build | House |
| 18:37 | Build | House |
| 18:43 | Build | House |
| 20:00 | Build | Stone Wall |
| 20:15 | Create | Villager (Male) |
| 20:19 | Build | Mining Camp |
| 20:24 | Create | Villager (Male) |
| 20:24 | Create | Villager (Male) |
| 20:24 | Create | Villager (Male) |
| 20:24 | Create | Villager (Male) |
| 20:25 | Create | Villager (Male) |
| 20:25 | Create | Villager (Male) |
| 20:26 | Create | Villager (Male) |
| 20:36 | Build | Stone Wall |
| 21:14 | Build | Stone Wall |
| 21:16 | Build | Stone Wall |
| 21:23 | Build | Stone Wall |
| 21:39 | Build | Watch Tower |
| 22:09 | Build | Archery Range |
| 22:56 | Create | Villager (Male) |
| 23:00 | Create | Archer |
| 23:01 | Create | Archer |
| 23:01 | Create | Archer |
| 23:01 | Create | Archer |
| 23:01 | Create | Archer |
| 24:37 | Build | Blacksmith |
| 24:41 | Build | Market |
| 24:44 | Build | Mining Camp |
| 25:06 | Build | House |
| 25:24 | Research | Gold Mining |
| 25:38 | Research | Stone Mining |
| 25:41 | Research | Castle Age |
| 26:06 | Build | Watch Tower |
| 28:17 | Build | Mining Camp |
| 28:31 | Build | Mining Camp |
| 28:54 | Build | Mining Camp |
| 29:04 | Build | Siege Workshop |
| 29:31 | Build | University |
| 29:56 | Create | Cavalry Archer |
| 29:56 | Create | Cavalry Archer |
| 29:57 | Create | Cavalry Archer |
| 29:57 | Create | Cavalry Archer |
| 29:58 | Create | Cavalry Archer |
| 29:58 | Create | Cavalry Archer |
| 29:58 | Create | Cavalry Archer |
| 29:58 | Create | Cavalry Archer |
| 29:59 | Create | Cavalry Archer |
| 30:03 | Research | Fortified Wall (upgrade) |
| 30:28 | Create | Battering Ram |
| 30:29 | Create | Battering Ram |
| 30:29 | Create | Battering Ram |
| 31:08 | Build | Stone Wall |
| 31:22 | Build | Castle |
| 32:26 | Build | Gate |
| 32:33 | Build | Stone Wall |
| 32:35 | Build | Stone Wall |
| 33:09 | Build | Monastery |
| 33:15 | Create | Battering Ram |
| 33:15 | Create | Battering Ram |
| 33:15 | Create | Battering Ram |
| 33:16 | Create | Battering Ram |
| 33:59 | Build | Stone Wall |
| 34:27 | Build | University |
| 34:34 | Build | House |
| 34:50 | Build | House |
| 34:51 | Build | House |
| 34:53 | Build | House |
| 34:54 | Build | House |
| 34:57 | Research | Imperial Age |
| 35:32 | Build | Castle |
| 36:11 | Build | Stone Wall |
| 36:21 | Create | Monk |
Build order — Kung Fu Caleb
First 150 of 393 actions detected
| 0:02 | Create | Villager (Male) |
| 0:03 | Create | Villager (Male) |
| 0:03 | Create | Villager (Male) |
| 0:03 | Create | Villager (Male) |
| 0:03 | Create | Villager (Male) |
| 0:04 | Build | House |
| 0:06 | Build | House |
| 1:26 | Create | Villager (Male) |
| 1:54 | Build | Lumber Camp |
| 2:09 | Create | Villager (Male) |
| 2:24 | Create | Villager (Male) |
| 2:55 | Create | Villager (Male) |
| 3:17 | Create | Villager (Male) |
| 3:50 | Create | Villager (Male) |
| 4:22 | Create | Villager (Male) |
| 4:42 | Create | Villager (Male) |
| 4:54 | Build | House |
| 5:22 | Build | Mill |
| 5:35 | Build | Mill |
| 5:39 | Create | Villager (Male) |
| 6:00 | Create | Villager (Male) |
| 6:08 | Create | Villager (Male) |
| 6:25 | Create | Villager (Male) |
| 6:35 | Build | House |
| 6:55 | Build | Mining Camp |
| 7:19 | Create | Villager (Male) |
| 7:41 | Build | Farm |
| 7:41 | Build | Farm |
| 7:42 | Build | Farm |
| 7:44 | Create | Villager (Male) |
| 8:06 | Create | Villager (Male) |
| 8:32 | Create | Villager (Male) |
| 8:51 | Create | Villager (Male) |
| 8:53 | Research | Feudal Age |
| 9:12 | Build | Farm |
| 9:21 | Build | Farm |
| 10:02 | Build | House |
| 10:05 | Build | House |
| 10:15 | Build | Farm |
| 10:15 | Build | Farm |
| 10:15 | Build | Farm |
| 10:32 | Build | Farm |
| 10:50 | Create | Villager (Male) |
| 10:50 | Create | Villager (Male) |
| 11:09 | Build | Farm |
| 11:25 | Build | Farm |
| 12:02 | Build | Farm |
| 12:37 | Research | Castle Age |
| 12:37 | Research | Castle Age |
| 13:16 | Research | Double-Bit Axe |
| 13:22 | Research | Horse Collar |
| 14:17 | Create | Villager (Male) |
| 14:19 | Create | Villager (Male) |
| 15:24 | Build | Town Center |
| 16:11 | Build | Siege Workshop |
| 16:22 | Build | Monastery |
| 16:23 | Create | Villager (Male) |
| 16:24 | Create | Villager (Male) |
| 16:54 | Create | Villager (Male) |
| 16:55 | Create | Villager (Male) |
| 17:06 | Research | Loom |
| 17:19 | Create | Villager (Male) |
| 17:19 | Create | Villager (Male) |
| 17:25 | Build | House |
| 17:25 | Build | House |
| 17:25 | Build | House |
| 17:29 | Build | House |
| 17:32 | Build | House |
| 17:35 | Build | Palisade Wall |
| 17:35 | Build | Palisade Wall |
| 17:59 | Create | Monk |
| 18:02 | Create | Villager (Male) |
| 18:02 | Create | Villager (Male) |
| 18:09 | Research | Gold Mining |
| 18:29 | Build | House |
| 18:30 | Build | House |
| 18:30 | Build | House |
| 18:39 | Create | Villager (Male) |
| 18:39 | Create | Villager (Male) |
| 19:05 | Create | Villager (Male) |
| 19:05 | Create | Villager (Male) |
| 19:06 | Create | Villager (Male) |
| 19:06 | Create | Villager (Male) |
| 19:12 | Build | Farm |
| 19:22 | Build | Farm |
| 19:28 | Create | Villager (Male) |
| 19:28 | Create | Villager (Male) |
| 19:43 | Create | Villager (Male) |
| 19:54 | Build | Farm |
| 19:54 | Build | Farm |
| 20:00 | Create | Mangonel |
| 20:03 | Create | Monk |
| 20:15 | Build | Farm |
| 20:18 | Create | Villager (Male) |
| 20:18 | Create | Villager (Male) |
| 20:37 | Create | Villager (Male) |
| 20:37 | Create | Villager (Male) |
| 20:50 | Build | Farm |
| 21:02 | Create | Villager (Male) |
| 21:02 | Create | Villager (Male) |
| 21:15 | Build | Farm |
| 21:15 | Build | Farm |
| 21:16 | Build | Farm |
| 21:24 | Create | Villager (Male) |
| 21:24 | Create | Villager (Male) |
| 21:57 | Create | Villager (Male) |
| 22:03 | Research | Wheelbarrow |
| 22:10 | Build | Archery Range |
| 23:11 | Create | Villager (Male) |
| 23:11 | Create | Villager (Male) |
| 23:11 | Create | Villager (Male) |
| 23:11 | Create | Villager (Male) |
| 23:41 | Build | Farm |
| 23:41 | Build | Farm |
| 23:41 | Build | Farm |
| 23:41 | Build | Farm |
| 23:41 | Build | Farm |
| 23:42 | Build | Farm |
| 23:42 | Build | Farm |
| 23:42 | Build | Farm |
| 23:42 | Build | Farm |
| 23:42 | Build | Farm |
| 24:30 | Build | House |
| 24:38 | Create | Villager (Male) |
| 24:38 | Create | Villager (Male) |
| 24:51 | Build | Mining Camp |
| 25:11 | Create | Villager (Male) |
| 25:37 | Create | Villager (Male) |
| 25:37 | Create | Villager (Male) |
| 25:52 | Build | Market |
| 26:37 | Build | Castle |
| 26:40 | Create | Villager (Male) |
| 26:40 | Create | Villager (Male) |
| 26:58 | Create | Villager (Male) |
| 26:58 | Create | Villager (Male) |
| 27:27 | Build | Mining Camp |
| 27:31 | Create | Ballista Elephant |
| 27:32 | Create | Ballista Elephant |
| 27:33 | Create | Ballista Elephant |
| 27:40 | Build | Lumber Camp |
| 27:43 | Create | Villager (Male) |
| 28:00 | Build | Market |
| 28:07 | Build | Farm |
| 28:07 | Build | Farm |
| 28:08 | Build | Farm |
| 28:09 | Build | Farm |
| 28:09 | Build | Farm |
| 28:13 | Build | Farm |
| 28:13 | Build | Farm |
| 28:14 | Build | Farm |
Match timeline
| 6:17 | clementhebeste · first_building Dock |
| 7:11 | clementhebeste · wall_segment Palisade Wall x1 |
| 7:12 | HoundDog914030 · wall_segment Palisade Wall x11 |
| 7:12 | clementhebeste · wall_segment Palisade Wall x1 |
| 7:13 | clementhebeste · wall_segment Palisade Wall x1 |
| 7:15 | clementhebeste · wall_segment Palisade Wall x1 |
| 7:59 | ali3soot · first_building Dock |
| 9:17 | BattingBaton14 · first_building Barracks |
| 9:23 | 07jriley · wall_segment Palisade Wall x9 |
| 10:14 | 07jriley · wall_segment Palisade Wall x1 |
| 11:07 | TakedownFunk · wall_segment Stone Wall x6 |
| 11:11 | TakedownFunk · wall_segment Stone Wall x8 |
| 11:16 | TakedownFunk · wall_segment Stone Wall x6 |
| 11:21 | 07jriley · wall_segment Palisade Wall x6 |
| 11:48 | clementhebeste · wall_segment Palisade Wall x3 |
| 12:19 | TakedownFunk · wall_segment Stone Wall x4 |
| 12:25 | TakedownFunk · wall_segment Stone Wall x14 |
| 12:59 | clementhebeste · first_building Barracks |
| 13:00 | ali3soot · wall_segment Stone Wall x6 |
| 13:15 | ali3soot · wall_segment Stone Wall x5 |
| 14:09 | HoundDog914030 · wall_segment Stone Wall x12 |
| 14:41 | BattingBaton14 · first_market_sell 100 wood |
| 14:41 | oO0Melow0Oo · wall_segment Stone Wall x8 |
| 14:43 | BattingBaton14 · first_market_buy 100 food |
| 14:44 | oO0Melow0Oo · wall_segment Stone Wall x10 |
| 15:04 | HoundDog914030 · first_market_sell 100 food |
| 15:24 | ali3soot · wall_segment Stone Wall x10 |
| 15:35 | clementhebeste · wall_segment Stone Wall x6 |
| 15:37 | clementhebeste · wall_segment Stone Wall x3 |
| 16:11 | Kung Fu Caleb · first_building Siege Workshop |
| 16:13 | ali3soot · wall_segment Stone Wall x8 |
| 16:22 | Kung Fu Caleb · first_building Monastery |
| 16:54 | ali3soot · wall_segment Stone Wall x5 |
| 17:19 | HoundDog914030 · first_building Dock |
| 17:35 | Kung Fu Caleb · wall_segment Palisade Wall x1 |
| 17:35 | Kung Fu Caleb · wall_segment Palisade Wall x1 |
| 18:08 | 07jriley · first_building Stable |
| 18:25 | ali3soot · wall_segment Stone Wall x12 |
| 18:37 | HoundDog914030 · first_market_buy 100 wood |
| 18:44 | oO0Melow0Oo · first_building Barracks |
| 19:11 | TakedownFunk · wall_segment Stone Wall x11 |
| 20:00 | clementhebeste · wall_segment Stone Wall x1 |
| 20:36 | clementhebeste · wall_segment Stone Wall x13 |
| 20:43 | TakedownFunk · first_market_buy 100 wood |
| 21:14 | clementhebeste · wall_segment Stone Wall x6 |
| 21:16 | clementhebeste · wall_segment Stone Wall x4 |
| 21:19 | TakedownFunk · first_building Barracks |
| 21:23 | clementhebeste · wall_segment Stone Wall x17 |
| 21:48 | HoundDog914030 · first_building Siege Workshop |
| 21:57 | HoundDog914030 · first_building Barracks |
| 22:09 | clementhebeste · first_building Archery Range |
| 22:10 | Kung Fu Caleb · first_building Archery Range |
| 22:14 | HoundDog914030 · first_building Castle |
| 22:42 | BattingBaton14 · first_building Archery Range |
| 22:44 | BattingBaton14 · first_building Siege Workshop |
| 23:22 | TakedownFunk · first_building Castle |
| 23:33 | oO0Melow0Oo · first_building Castle |
| 23:37 | ali3soot · first_building Castle |
| 24:12 | ali3soot · first_building Barracks |
| 24:29 | 07jriley · first_building Castle |
| 24:34 | ali3soot · first_building Monastery |
| 24:36 | TakedownFunk · first_building Stable |
| 25:17 | ali3soot · wall_segment Stone Wall x4 |
| 25:20 | ali3soot · wall_segment Stone Wall x5 |
| 25:23 | ali3soot · wall_segment Stone Wall x11 |
| 25:25 | TakedownFunk · tribute_sent a jugador 1 |
| 25:25 | TakedownFunk · tribute_sent a jugador 2 |
| 25:25 | TakedownFunk · tribute_sent a jugador 3 |
| 25:25 | TakedownFunk · tribute_sent a jugador 5 |
| 25:25 | TakedownFunk · tribute_sent a jugador 6 |
| 25:25 | TakedownFunk · tribute_sent a jugador 7 |
| 25:25 | TakedownFunk · tribute_sent a jugador 8 |
| 25:26 | oO0Melow0Oo · first_building Stable |
| 26:01 | TakedownFunk · tribute_sent a jugador 1 |
| 26:01 | TakedownFunk · tribute_sent a jugador 2 |
| 26:01 | TakedownFunk · tribute_sent a jugador 3 |
| 26:01 | TakedownFunk · tribute_sent a jugador 5 |
| 26:01 | TakedownFunk · tribute_sent a jugador 6 |
| 26:01 | TakedownFunk · tribute_sent a jugador 7 |
| 26:01 | TakedownFunk · tribute_sent a jugador 8 |
| 26:29 | Kung Fu Caleb · first_market_buy 100 stone |
| 26:37 | Kung Fu Caleb · first_building Castle |
| 26:51 | BattingBaton14 · first_building Monastery |
| 26:58 | HoundDog914030 · first_building Stable |
| 28:09 | 07jriley · first_market_buy 100 wood |
| 28:24 | 07jriley · first_building Siege Workshop |
| 29:04 | clementhebeste · first_building Siege Workshop |
| 29:38 | Kung Fu Caleb · wall_segment Stone Wall x7 |
| 29:49 | oO0Melow0Oo · first_building Siege Workshop |
| 29:59 | ali3soot · first_building Stable |
| 30:15 | ali3soot · first_building Siege Workshop |
| 31:04 | BattingBaton14 · first_building Castle |
| 31:06 | ali3soot · first_market_buy 100 wood |
| 31:08 | clementhebeste · wall_segment Stone Wall x1 |
| 31:22 | clementhebeste · first_building Castle |
| 31:54 | Kung Fu Caleb · first_building Stable |
| 31:57 | 07jriley · first_building Barracks |
| 32:00 | TakedownFunk · first_market_sell 100 wood |
| 32:08 | HoundDog914030 · first_building Archery Range |
| 32:33 | clementhebeste · wall_segment Stone Wall x5 |
| 32:35 | clementhebeste · wall_segment Stone Wall x2 |
| 33:09 | clementhebeste · first_building Monastery |
| 33:59 | clementhebeste · wall_segment Stone Wall x4 |
| 34:40 | TakedownFunk · wall_segment Stone Wall x7 |
| 36:01 | TakedownFunk · first_building Siege Workshop |
| 36:11 | clementhebeste · wall_segment Stone Wall x1 |
| 36:21 | TakedownFunk · wall_segment Stone Wall x5 |
| 36:29 | TakedownFunk · wall_segment Stone Wall x4 |
| 36:29 | clementhebeste · wall_segment Stone Wall x1 |
| 39:18 | 07jriley · first_building Monastery |
| 41:27 | oO0Melow0Oo · wall_segment Stone Wall x16 |
| 41:53 | oO0Melow0Oo · wall_segment Stone Wall x23 |
| 42:05 | oO0Melow0Oo · wall_segment Stone Wall x11 |
| 43:07 | 07jriley · first_market_sell 100 food |
| 43:08 | ali3soot · first_market_sell 500 wood |
| 44:33 | oO0Melow0Oo · wall_segment Stone Wall x12 |
| 44:59 | 07jriley · resign |
| 50:42 | HoundDog914030 · wall_segment Stone Wall x11 |
| 50:49 | HoundDog914030 · wall_segment Stone Wall x65 |
| 52:12 | ali3soot · wall_segment Stone Wall x5 |
| 57:06 | BattingBaton14 · first_building Stable |
[ AI ANALYSIS · 1 CREDIT ]
What really happened in this match?
Wolo.gg analyzes every decision: build order, eco, micro, common mistakes by bracket. Personalized analysis on WhatsApp or Discord in 30 seconds.
Civ guide
Franks
Perfil
Jugador #20146882